 Dungeon Crawl Stone Soup version 0.17-a0-670-g5d95ebd (webtiles) character file.

764 Leibowitz the Cutter (level 8, -2/50 HPs)
             Began as a Kobold Fighter on Apr 18, 2015.
             Slain by a sky beast (5 damage)
             ... on level 5 of the Dungeon.
             The game lasted 00:20:00 (4348 turns).

Leibowitz the Cutter (Kobold Fighter)               Turns: 4348, Time: 00:20:01

Health: -2/50      AC:  5    Str: 15    XL:     8   Next: 8%
Magic:  8/8        EV: 16    Int:  6    God:
Gold:   391        SH:  6    Dex: 17    Spells: 0 memorised, 7 levels left

rFire  . . .     SeeInvis .     a - +4 short sword
rCold  + . .     Clarity  .     x - +0 leather armour {rN+}
rNeg   + . .     SustAb   .     c - +0 buckler
rPois  .         Gourm    .     p - +1 helmet
rElec  .         Spirit   .     (no cloak)
rCorr  .         Warding  .     (no gloves)
rMut   .         Stasis   .     (no boots)
MR     .....                    (no amulet)
Stlth  ++++......               b - ring of stealth
                                r - ring of protection from cold

@: not resistant to hostile enchantments, stealthy
A: carnivore 3
a: no special abilities


You were on level 5 of the Dungeon.
You were very full.

You visited 2 branches of the dungeon, and saw 6 of its levels.

You collected 391 gold pieces.

Inventory:

Hand weapons
 a - a +4 short sword (weapon)
Armour
 c - a +0 buckler (worn)
 p - a +1 helmet (worn)
 x - a +0 leather armour of positive energy (worn)
Jewellery
 b - a ring of stealth (right hand)
 h - an uncursed ring of ice
 r - a ring of protection from cold (left hand)
Magical devices
 l - a wand of draining (0)
Scrolls
 g - a scroll of teleportation
 j - 3 scrolls of remove curse {unknown}
 k - a scroll of enchant armour {unknown}
 m - 8 scrolls of identify {unknown}
 o - a scroll of fear {unknown}
 s - 2 scrolls of magic mapping {unknown}
 u - a scroll of immolation {unknown}
 v - a scroll of random uselessness {unknown}
 w - a scroll of fog {unknown}
Potions
 e - 3 potions of might
 f - a potion of restore abilities
 q - 2 potions of curing
 t - a potion of heal wounds
Comestibles
 d - 3 meat rations
 i - a royal jelly
 n - a beef jerky


   Skills:
 * Level 5.5 Fighting
 * Level 6.1 Short Blades
 + Level 3.0 Armour
 + Level 3.7 Dodging
 * Level 4.8 Stealth
 + Level 3.1 Shields


You had 7 spell levels left.
You didn't know any spells.

Dungeon Overview and Level Annotations

Branches:
Dungeon (5/15)             Temple (1/1) D:4

Altars:
Cheibriados
Elyvilon
Fedhas
Gozag
Makhleb
Nemelex Xobeh
Qazlal
Sif Muna
Trog
Vehumet
Xom
Yredelemnul
The Shining One

Shops:
D:4 *


Innate Abilities, Weirdness & Mutations

You are small and have problems with some larger weapons.
You are carnivorous and can eat meat at any time.


Message History

* * * LOW HITPOINT WARNING * * *
Something shocks you.
* * * LOW HITPOINT WARNING * * *
Evoke which item? (* to show all) (? for menu, Esc to quit)
Zapping:
l - a wand of draining (will waste charges)
Press: ? - help, Shift-Dir - straight line Evoking this partially-identified wand wasted a few charges.
A sky beast appears from thin air!
Reactivating autopickup.
You block the sky beast's attack.
The sky beast flickers out of sight!
Deactivating autopickup; reactivate with Ctrl-A.
Evoke which item? (* to show all) (? for menu, Esc to quit)
Zapping:
l - a wand of draining {zapped: 2} (will waste charges)
Press: ? - help, Shift-Dir - straight line Evoking this partially-identified wand wasted a few charges.
Something hits you.
* * * LOW HITPOINT WARNING * * *
Something shocks you.
You die...

#........# #........#
#.....)..# #........####
#...........#
#.....(..##.#
#........##.#
######..###.# . ##.....#@#
... #..#.#.#..# ....
###.#....##...
.....#......### ##.##
........<.##.# ..#
#.......###.# #####.######
####.....##.# #.....^....#
#....#..#.# #.........>#
.....#.##.).###..........#


There were no monsters in sight!

Vanquished Creatures
  2 ogres (D:4)
  A centaur (D:5)
  A crimson imp (D:5)
  A hound (D:4)
  The ghost of Virusyak the Sneak, a weakling SpAs (D:3)
  5 orc wizards
  2 iguanas
  3 worker ants
  A hound skeleton (D:4)
  3 adders
  2 worms
  19 orcs
  7 giant cockroaches
  8 hobgoblins
  A quokka (D:2)
  13 bats
  2 giant geckos
  A giant gecko skeleton (D:4)
  6 goblins
  12 kobolds
  A quokka zombie (D:5)
  6 rats
98 creatures vanquished.

Notes
Turn   | Place    | Note
--------------------------------------------------------------
     0 | D:1      | Leibowitz, the Kobold Fighter, began the quest for the Orb.
     0 | D:1      | Reached XP level 1. HP: 14/14 MP: 1/1
   149 | D:1      | Reached XP level 2. HP: 14/19 MP: 2/2
   366 | D:1      | Reached skill level 1 in Stealth
   538 | D:1      | Reached XP level 3. HP: 23/23 MP: 3/3
  1151 | D:2      | Reached skill level 1 in Dodging
  1275 | D:2      | Reached XP level 4. HP: 29/29 MP: 4/4
  1478 | D:3      | Noticed Virusyak's ghost (weakling SpAs)
  1492 | D:3      | Killed Virusyak's ghost
  1492 | D:3      | Reached skill level 4 in Fighting
  1830 | D:3      | Found a bloodstained altar of Trog.
  2040 | D:3      | Found a white marble altar of Elyvilon.
  2083 | D:3      | Found a burning altar of Makhleb.
  2310 | D:3      | Reached XP level 5. HP: 21/33 MP: 5/5
  2927 | D:4      | Reached XP level 6. HP: 13/38 MP: 6/6
  3159 | D:4      | Noticed an ogre
  3170 | D:4      | Killed an ogre
  3415 | D:3      | HP: 1/39 [iguana (7)]
  3539 | D:4      | Reached skill level 5 in Short Blades
  3539 | D:4      | Reached XP level 7. HP: 32/44 MP: 7/7
  3572 | D:4      | Found an opulent altar of Gozag.
  3708 | D:4      | Noticed an ogre
  3720 | D:4      | Killed an ogre
  3720 | D:4      | Reached skill level 5 in Fighting
  3863 | D:4      | Found Gozag's Platinum Reserve.
  3866 | D:4      | Found a staircase to the Ecumenical Temple.
  3890 | Temple   | Entered the Ecumenical Temple
  4221 | D:5      | Entered Level 5 of the Dungeon
  4246 | D:5      | Reached skill level 6 in Short Blades
  4250 | D:5      | Found a basalt altar of Yredelemnul.
  4334 | D:5      | Reached XP level 8. HP: 11/50 MP: 8/8
  4348 | D:5      | Slain by a sky beast

Action                   |  1- 3 |  4- 6 |  7- 9 || total
-------------------------+-------+-------+-------++-------
Melee: Rapier            |    77 |       |       ||    77
       Short sword       |    40 |   137 |    82 ||   259
Evoke: Wand              |       |       |     2 ||     2
  Use: Potion            |       |     8 |     2 ||    10
       Scroll            |       |       |     1 ||     1
 Stab: Sleeping          |     4 |     4 |     3 ||    11
       Distracted        |       |       |     1 ||     1
  Eat: Chunk             |     9 |     8 |     1 ||    18
